Cogmind - Beta 14 @@@ ROGUE MODE // 2024.08.08 @ 00:12:34 Player: Andru7428 Result: Destroyed by X-87 Electro with Compact HERF Cannon Performance ------------- Evolutions (8) 4000 Regions Visited (16) 3200 Robots Destroyed (104) 520 Value Destroyed (3363) 3363 Prototype IDs (46) 920 Alien Tech Used (2) 400 Bonus (1672) 1672 TOTAL SCORE: 14075 Bonus ------- High Alert Combat Kills 72 Entered DSFs 500 Registered with UFD 300 Met Zhirov 300 Scanned by Researcher 500 Cogmind --------- Core Integrity 0/1450 Matter 2/300 Energy 100/100 System Corruption 14% Temperature Cool (0) Movement Core (100) Ox1 Location -2/Testing Parts ------- > --- POWER (2) -------- (None) > --- PROPULSION (6) --- (None) > --- UTILITY (12) ----- Experimental Optical Array Improved Signal Interpreter Advanced Hacking Suite Advanced Hacking Suite Advanced Hacking Suite System Shield > --- WEAPON (3) ------- Mini Assault Cannon > --- INVENTORY (5) ---- Backup Power I Experimental Sensor Array Reaction Control System Enhanced Scrap Shield Peak State ------------ > --- POWER ------------ Light Angular Momentum Engine Micro Fission Core > --- PROPULSION ------- Antigrav System Gyrokinetic Inverter Gyrokinetic Inverter Gyrokinetic Inverter Gyrokinetic Inverter Improved Gyrokinetic Inverter > --- UTILITY ---------- Advanced Heat Sink Large Storage Unit Experimental Optical Array Experimental Sensor Array Improved Signal Interpreter Advanced Hacking Suite Advanced Hacking Suite Advanced System Shield > --- WEAPON ----------- KE Penetrator Railgun Mini Assault Cannon > --- INVENTORY -------- Light Angular Momentum Engine Gyrokinetic Inverter Gyrokinetic Inverter Advanced Heat Sink Advanced Heat Sink Energy Well Advanced Cloaking Device Stealth Drone Bay KE Penetrator Improved Proton Missile Launcher Improved Plasma Cutter CPS Tube Great Maul DRS Beacon [Rating: 118] Favorites ----------- Power Light Ion Engine Engine Light Ion Engine Power Core Fission Core Reactor Quantum Reactor Propulsion Light Treads Treads Light Treads Leg Armored Leg Wheel Armored Wheel Hover Unit Gyrokinetic Inverter Flight Unit Cooled Nuclear Pulse Thruster Utility Large Storage Unit Device Experimental Sensor Array Storage Large Storage Unit Processor Improved Signal Interpreter Hackware Advanced Hacking Suite Protection Reactive Plating Weapon Particle Cannon Energy Gun EM Shotgun Energy Cannon Particle Cannon Ballistic Gun Assault Rifle Ballistic Cannon Mini Assault Cannon Launcher Improved Grenade Launcher Impact Weapon Great Maul Build | -11 -10 -10 -10 -9 -9 -6 -5 -4 -4 -4 -4 -3 -3 -3 -2 -2 ------- Run | Yrd Mat Min Sub Rec Scr Fac Fac Fac Upp Upp Zhi Pro Res DSF Res Tes Slots Evolved 16 | . . . . . . 8 2 2 . . . . 2 . 2 . Power 1 | . . . . . . . . 1 . . . . . . . . Propulsion 4 | . . . . . . 2 1 1 . . . . . . . . Utility 10 | . . . . . . 5 1 . . . . . 2 . 2 . Weapon 1 | . . . . . . 1 . . . . . . . . . . Parts Attached 236 | 8 12 13 37 3 2 41 40 29 1 10 12 . 1 1 13 13 Power 20 | 1 1 1 . . 1 1 1 3 . 2 3 . . . 3 3 Engine 9 | 1 1 1 . . 1 . . 1 . 1 1 . . . . 2 Core 8 | . . . . . . 1 1 2 . 1 1 . . . 2 . Reactor 3 | . . . . . . . . . . . 1 . . . 1 1 Propulsion 41 | 2 1 . 2 . 1 9 7 4 . 1 5 . . 1 6 2 Treads 8 | 2 1 . 2 . 1 1 . . . . . . . . . 1 Leg 4 | . . . . . . 3 . . . . . . . . . 1 Wheel 6 | . . . . . . 4 2 . . . . . . . . . Hover 11 | . . . . . . . 5 4 . 1 1 . . . . . Flight 12 | . . . . . . 1 . . . . 4 . . 1 6 . Utility 73 | 2 1 2 5 . . 14 17 12 1 4 4 . 1 . 4 6 Device 36 | 1 1 . . . . 8 6 10 1 4 2 . 1 . 1 1 Storage 6 | 1 . 1 . . . . 1 1 . . . . . . 1 1 Processor 4 | . . . . . . 1 2 1 . . . . . . . . Hackware 5 | . . . . . . . 3 . . . 1 . . . 1 . Protection 22 | . . 1 5 . . 5 5 . . . 1 . . . 1 4 Artifact . | . . . . . . . . . . . . . . . . . Weapon 102 | 3 9 10 30 3 . 17 15 10 . 3 . . . . . 2 Energy Gun 21 | 1 . 2 15 1 . . . 2 . . . . . . . . Energy Cannon 9 | . 4 4 . 1 . . . . . . . . . . . . Ballistic Gun 29 | 2 2 1 . 1 . 9 9 4 . 1 . . . . . . Ballistic Cannon 4 | . . . . . . . 1 2 . . . . . . . 1 Launcher 16 | . 1 3 7 . . 2 . 1 . 1 . . . . . 1 Special Weapon . | . . . . . . . . . . . . . . . . . Impact Weapon 23 | . 2 . 8 . . 6 5 1 . 1 . . . . . . Slashing Weapon . | . . . . . . . . . . . . . . . . . Piercing Weapon . | . . . . . . . . . . . . . . . . . Special Melee Weapon . | . . . . . . . . . . . . . . . . . Unidentified Prototypes 19 | . . . . . . 1 3 2 . 1 5 . . . 4 3 Parts Lost 48 | . 2 1 4 2 . 8 7 4 . 3 . . . 1 8 8 Power 11 | . . 1 . . . 1 . 1 . 2 . . . 1 2 3 Propulsion 13 | . 1 . 1 . . 4 2 . . . . . . . 2 3 Utility 15 | . 1 . . . . 3 3 1 . 1 . . . . 4 2 Weapon 9 | . . . 3 2 . . 2 2 . . . . . . . . Highest Loss Streak 7 | . 1 1 2 2 . 3 6 4 . 2 . . . 1 6 7 To Critical Strikes 1 | . . . . . . . . . . . . . . . . 1 Average Slot Usage (%) 94 | . 93 98 99 100 100 91 86 99 100 93 91 68 61 62 61 40 Engine 9 | . 14 14 14 14 14 1 . 1 5 5 5 5 4 3 . 3 Core 1 | . . . . . . 4 5 7 5 . 2 . . . 2 . Treads 19 | . 28 28 27 28 28 10 . . . . . . . . . 1 Wheel 2 | . . . . . . 3 16 . . . . . . . . . Hover 3 | . . . . . . . 7 31 31 31 21 . . . . . Device 6 | . 8 . . . . 20 18 9 10 10 12 5 4 9 9 2 Storage 10 | . 14 14 14 14 14 6 5 5 5 4 . . . . . . Processor 2 | . . . . . . 3 5 10 10 10 10 10 9 9 8 8 Hackware 2 | . . . . . . . 1 15 15 15 16 21 19 19 20 17 Protection 9 | . . 12 14 14 14 10 3 . . . . 5 4 4 4 . Energy Gun 6 | . . . 23 20 . . . 2 . . . . . . . . Energy Cannon 5 | . 10 13 . 3 14 6 1 . . . . . . . . . Ballistic Gun 8 | . 17 13 . 3 14 10 10 5 10 5 3 . . . . . Impact Weapon 1 | . . . 3 . . 1 3 4 . 4 5 5 4 2 . . Peak Build Rating 118 | 7 9 13 16 15 17 66 99 115 118 115 118 82 90 90 114 98 Average Rating 34 | 5 8 11 14 14 15 53 71 107 117 107 102 82 83 85 93 61 On Entrance 56 | . 7 8 13 15 14 17 57 98 115 118 113 82 82 90 76 53 Naked Turns . | . . . . . . . . . . . . . . . . . Heaviest Build 70 | 11 17 41 42 33 37 62 70 55 51 57 43 15 16 16 31 26 Greatest Support 80 | 40 40 40 40 40 40 60 60 66 56 67 67 27 18 27 28 80 Greatest Overweight (x) 5 | . . 1 1 . . 3 5 2 . 1 . . . . 1 1 Average Overweight (x) . | . . . . . . . . . . . . . . . . . Largest Inventory Capacity 15 | 8 8 15 15 15 15 15 15 15 15 15 5 5 5 5 5 5 Average Capacity 13 | 7 8 12 15 15 15 15 15 15 15 13 5 5 5 5 5 5 Most Carried 15 | 6 8 15 15 15 15 15 15 15 15 15 5 5 5 5 5 5 Average Carried 12 | 5 7 9 14 14 14 14 14 14 14 13 4 5 4 4 4 4 Final Capacity 15 | 8 8 15 15 15 15 15 15 15 15 5 5 5 5 5 5 5 Final Carried 15 | 6 8 15 15 14 15 14 15 15 15 5 5 5 4 5 5 5 Class Distribution -------------------- 75% | Mutant 7% | Hacker-Scout 7% | Tank Dominant Class ---------------- Mutant | -10/Materials Mutant | -10/Mines Mutant | -10/Subcaves Mutant | -9/Recycling Mutant | -9/Scraptown Tank | -6/Factory Mutant | -5/Factory Hacker-Scout | -4/Factory Hacker-Scout | -4/Upper Caves Hacker-Assassin | -4/Upper Caves Hacker-Scout | -4/Zhirov Hacker-Scout | -3/Proximity Caves Hacker-Scout | -3/Research Hacker-Scout | -3/DSF Wizard-Scout | -2/Research Hacker-Mutant | -2/Testing Resources | -11 -10 -10 -10 -9 -9 -6 -5 -4 -4 -4 -4 -3 -3 -3 -2 -2 ----------- Run | Yrd Mat Min Sub Rec Scr Fac Fac Fac Upp Upp Zhi Pro Res DSF Res Tes Matter Collected 3872 | 312 362 232 378 83 10 497 987 298 70 244 . 37 . . 148 214 Remotely . | . . . . . . . . . . . . . . . . . Salvage Created 4375 | 82 473 58 780 150 . 686 1239 340 . 428 . 3 . . . 136 Parts 205 | 11 25 7 48 4 . 24 54 17 . 9 . 2 . . . 4 Haulers Intercepted 4 | . 2 . . . . . 1 1 . . . . . . . . Recyclers Shooed 2 | . . . . 1 . . 1 . . . . . . . . . Parts Field Recycled . | . . . . . . . . . . . . . . . . . Retrieved Matter . | . . . . . . . . . . . . . . . . . Parts Self-Destructed 26 | . . . 15 . . . . . . 8 . 3 . . . . Prevented 6 | . . . 4 . . . . . . 2 . . . . . . Kills | -11 -10 -10 -10 -9 -9 -6 -5 -4 -4 -4 -4 -3 -3 -3 -2 -2 ------- Run | Yrd Mat Min Sub Rec Scr Fac Fac Fac Upp Upp Zhi Pro Res DSF Res Tes Combat Hostiles Destroyed 80 | . 14 14 16 1 . 11 12 4 . 4 . 1 . . . 3 Melee 1 | . . . . . . . . . . . . 1 . . . . Guns 36 | . 7 1 10 . . 4 11 2 . 1 . . . . . . Cannons 12 | . 4 1 . 1 . 1 1 1 . . . . . . . 3 AOE 29 | . 3 12 5 . . 5 . 1 . 3 . . . . . . Classes Destroyed 19 | 1 3 2 3 1 . 3 2 . . 2 . 1 . . . 1 Worker 8 | . . . . . . 4 3 1 . . . . . . . . Builder 3 | . . . . . . . 1 1 . . . . . . . 1 Tunneler 4 | 3 1 . . . . . . . . . . . . . . . Hauler 4 | . 2 . . . . . 1 1 . . . . . . . . Recycler 4 | . . . . 1 . 1 2 . . . . . . . . . Minesweeper 1 | . . . . . . . . . . 1 . . . . . . Drone 1 | . . . . . . . . . . . . 1 . . . . Turret 2 | . . . 2 . . . . . . . . . . . . . Watcher 4 | . . . . . . 1 2 1 . . . . . . . . Swarmer 27 | . 6 6 5 . . 4 1 1 . 4 . . . . . . Grunt 14 | . 8 . 1 . . 4 . . . . . . . . . 1 Researcher 1 | . . . . . . . . . . . . . . . . 1 Sentry 8 | . . . 1 1 . . 5 1 . . . . . . . . Demolisher 1 | . . 1 . . . . . . . . . . . . . . Hunter 4 | . . . . . . . 2 . . . . . . . . 2 Programmer 9 | . . . . . . 3 4 2 . . . . . . . . Subdweller 9 | . . . 9 . . . . . . . . . . . . . Packrat 3 | . . . . . . . . . . 3 . . . . . . Samaritan 1 | . . . . . . . . . . 1 . . . . . . Assembled 7 | . . 7 . . . . . . . . . . . . . . Best Kill Streak 7 | 1 4 7 4 2 . 5 5 4 . 4 . 1 . . . 2 Combat Bots Only 7 | . 4 7 4 1 . 4 4 3 . 4 . 1 . . . 2 Max Kills in Single Turn 5 | 1 2 5 4 1 . 5 2 1 . 2 . 1 . . . 1 Gunslinging 1 | . . . 1 . . . . . . . . . . . . . Exploded 5 | . 2 5 4 . . 3 . 1 . 2 . . . . . . Melee 1 | . . . . . . . . . . . . 1 . . . . Uniques/NPCs Destroyed . | . . . . . . . . . . . . . . . . . Combat | -11 -10 -10 -10 -9 -9 -6 -5 -4 -4 -4 -4 -3 -3 -3 -2 -2 -------- Run | Yrd Mat Min Sub Rec Scr Fac Fac Fac Upp Upp Zhi Pro Res DSF Res Tes Hostile Shots Fired 809 | . 75 11 119 10 . 83 133 42 . 25 . 14 . 22 110 165 Missed 259 | . 16 6 43 1 . 18 38 15 . 7 . 9 . 7 57 42 Damage Taken 10447 | . 594 75 800 128 . 1367 2216 524 . 287 . 98 . 322 1206 2830 Core 2403 | . 64 . 83 15 . 112 336 90 . 15 . 55 . 153 661 819 Absorbed by Shields 127 | . . . . . . . . . . . . . . 65 62 . Reduced by Siege Mode 320 | . . . . . . . . . . . . . . . . 320 Redirected to Shielding 276 | . . . . . . . . . . . . . . 59 107 110 Ignored by Resistances 590 | . . 4 141 10 . 270 165 . . . . . . . . . Regen/Repaired (Parts) 84 | . . . . . . . 84 . . . . . . . . . Core Remaining (%) 76 | 100 . . . . 35 86 66 . . . . 86 . 88 . . Volleys Fired 293 | 17 57 6 53 7 . 26 49 16 . 15 . . . . . 47 Largest 3 | 2 2 2 2 2 . 3 3 3 . 3 . . . . . 1 Hottest 128 | 40 88 90 90 90 . 128 128 116 . 116 . . . . . 48 Shots Fired 594 | 34 112 8 100 14 . 70 145 46 . 17 . . . . . 48 Gun 438 | 34 79 3 95 8 . 44 129 32 . 14 . . . . . . Cannon 137 | . 31 1 . 6 . 22 16 12 . 1 . . . . . 48 Launcher 19 | . 2 4 5 . . 4 . 2 . 2 . . . . . . Special . | . . . . . . . . . . . . . . . . . Kinetic 387 | 34 79 1 . 6 . 44 128 32 . 15 . . . . . 48 Thermal 88 | . 31 1 . 6 . 22 16 12 . . . . . . . . Explosive 11 | . 2 4 5 . . . . . . . . . . . . . Electromagnetic 108 | . . 2 95 2 . 4 1 2 . 2 . . . . . . Robot Hit Streak 28 | 7 11 8 28 7 . 10 14 5 . 6 . . . . . 18 Robot Miss Streak 13 | 3 3 . 2 1 . 3 6 13 . 2 . . . . . 2 Penetration Max 1 | . . . . . . . 1 1 . . . . . . . . Secondary Targets 5 | . 1 . 3 . . . 1 . . . . . . . . . Max Gunslinging Chain 1 | . 1 . 1 . . . 1 . . . . . . . . . Autonomous 12 | . . . . . . . . 12 . . . . . . . . Shots Hit Robots 421 | 21 72 2 87 9 . 45 112 23 . 12 . 1 . 1 . 36 Core Hits 226 | 9 31 16 55 4 . 34 39 13 . 7 . 1 . . . 17 Critical Kills 4 | . . . . . . 1 1 . . 1 . 1 . . . . Critical Parts Destroyed 10 | . . . . . . 2 5 1 . 2 . . . . . . Critical Strikes 17 | . . . . . . 3 6 2 . 3 . 1 . . . 2 Meltdown 1 | . . . . . . 1 . . . . . . . . . . Destroy 5 | . . . . . . . 4 . . 1 . . . . . . Blast 3 | . . . . . . . . 1 . . . . . . . 2 Smash 8 | . . . . . . 2 2 1 . 2 . 1 . . . . Melee Attacks 159 | . 6 . 39 . . 21 63 22 . 4 . 3 . 1 . . Impact 159 | . 6 . 39 . . 21 63 22 . 4 . 3 . 1 . . Slashing . | . . . . . . . . . . . . . . . . . Piercing . | . . . . . . . . . . . . . . . . . Sneak Attacks 13 | . . . . . . 3 5 2 . 3 . . . . . . Combat Hostiles . | . . . . . . . . . . . . . . . . . Follow-up Attacks . | . . . . . . . . . . . . . . . . . Damage Inflicted 11465 | 172 1110 899 1470 167 . 2018 3056 871 . 679 . 61 . 31 . 931 Guns 5305 | 172 471 32 1210 42 . 540 2236 397 . 205 . . . . . . Cannons 2300 | . 454 23 . 123 . 351 264 178 . . . . . . . 907 Explosions 2297 | . 184 844 260 . . 813 . 51 . 145 . . . . . . Melee 1536 | . . . . . . 314 556 245 . 329 . 61 . 31 . . Ramming 27 | . 1 . . 2 . . . . . . . . . . . 24 Kinetic 5053 | 172 471 . . 12 . 540 2213 533 . 205 . . . . . 907 Thermal 1770 | . 454 23 . 123 . 864 264 42 . . . . . . . . Explosive 1288 | . 184 844 260 . . . . . . . . . . . . . Electromagnetic 1791 | . . 32 1210 30 . 300 23 51 . 145 . . . . . . Impact 1536 | . . . . . . 314 556 245 . 329 . 61 . 31 . . Slashing . | . . . . . . . . . . . . . . . . . Piercing . | . . . . . . . . . . . . . . . . . Highest Corruption 13 | . . . . . . 1 6 2 2 2 2 2 . . 10 13 Average Corruption 3 | . . . . . . 1 2 1 2 2 2 2 . . 4 10 Corruption Purged 12 | . . . . . . 4 8 . . . . . . . . . Corruption Blocked . | . . . . . . . . . . . . . . . . . Effects 54 | . . . . . . 1 13 5 3 4 1 . . . 11 16 Message Errors 13 | . . . . . . . 5 2 . 1 . . . . 1 4 Matter Fused 14 | . . . . . . 1 1 1 1 . 1 . . . 5 4 Heat Flow Errors 3 | . . . . . . . . 1 . . . . . . 1 1 Energy Discharges 7 | . . . . . . . 2 1 1 1 . . . . . 2 Parts Rejected 2 | . . . . . . . . . . . . . . . 2 . Parts Fused 2 | . . . . . . . . . 1 . . . . . . 1 Data Loss (minor) 4 | . . . . . . . 1 . . 2 . . . . . 1 Data Loss (major) 4 | . . . . . . . 1 . . . . . . . 2 1 Misfires 3 | . . . . . . . 2 . . . . . . . . 1 Alerts 1 | . . . . . . . . . . . . . . . . 1 Weapon Failures 1 | . . . . . . . 1 . . . . . . . . . Overload Shots . | . . . . . . . . . . . . . . . . . Overflow Damage 1283 | . 3 105 . . . 449 264 185 . 277 . . . . . . Projectiles 12 | . 3 . . . . 1 8 . . . . . . . . . Explosions 272 | . . 105 . . . 164 . . . 3 . . . . . . Melee 999 | . . . . . . 284 256 185 . 274 . . . . . . Knockbacks 16 | . . . . . . 1 2 5 . . . . . . . 8 Impact 5 | . . . . . . 1 2 2 . . . . . . . . Kinetic 9 | . . . . . . . . 2 . . . . . . . 7 Secondary 2 | . . . . . . . . 1 . . . . . . . 1 Self-Inflicted Damage 350 | . . . 44 . . 301 . . . . . . . . . 5 Shots 7 | . . . 1 . . 6 . . . . . . . . . . Rammed 10 | . 1 . . 1 . . . . . . . . . . . 8 Targets Rammed 11 | . 1 . . 1 . . . . . . . . . . . 9 Kicked 1 | . . . . . . . . . . . . . . . . 1 Crushed . | . . . . . . . . . . . . . . . . . Highest Temperature 512 | . 270 45 11 194 . 312 54 512 . . . 11 . . 206 227 Average Temperature 79 | . 70 17 4 96 . 104 19 88 . . . 10 . . 86 133 Received Heat Transfer 1320 | . 213 . 234 45 . 324 189 18 . 18 . 33 . . 192 54 Effects 7 | . . . . . . . . 7 . . . . . . . . Shutdowns 2 | . . . . . . . . 2 . . . . . . . . Short Circuit 1 | . . . . . . . . 1 . . . . . . . . Damage (major) 4 | . . . . . . . . 4 . . . . . . . . Siege Activations 1 | . . . . . . . . . . . . . . . . 1 Total Turns 35 | . . . . . . . . . . . . . . . . 35 Longest Duration 35 | . . . . . . . . . . . . . . . . 35 Robots Corrupted 6 | . . . 1 . . 1 2 2 . . . . . . . . Combat Hostiles 1 | . . . 1 . . . . . . . . . . . . . Parts Fried 35 | . . . 12 . . 7 6 6 . 4 . . . . . . Impact Corruptions 24 | . . . . . . 8 6 5 . 5 . . . . . . Robots Melted 1 | . . . . . . 1 . . . . . . . . . . Combat Hostiles 1 | . . . . . . 1 . . . . . . . . . . Parts Melted 6 | . . . . 1 . 4 1 . . . . . . . . . Heat Transferred 2609 | . 777 37 . 222 . 942 481 150 . . . . . . . . Parts Sabotaged . | . . . . . . . . . . . . . . . . . Parts Stolen . | . . . . . . . . . . . . . . . . . Parts Stripped . | . . . . . . . . . . . . . . . . . Power Chain Reactions . | . . . . . . . . . . . . . . . . . Alert | -11 -10 -10 -10 -9 -9 -6 -5 -4 -4 -4 -4 -3 -3 -3 -2 -2 ------- Run | Yrd Mat Min Sub Rec Scr Fac Fac Fac Upp Upp Zhi Pro Res DSF Res Tes Peak Influence 674 | 15 169 104 . 110 . 225 674 329 . . . . 165 143 372 275 Initial 329 | . 9 25 . 100 . . 95 329 . . . . 165 123 80 155 Average 141 | 4 70 40 . 54 . 92 381 170 . . . . 165 127 165 218 Maximum Alert Level 2 | . . . . . . 1 2 1 . . . . . . 1 1 Low Security (%) 76 | 100 100 100 . 100 . 89 23 55 . . . . 100 100 64 22 Level 1 13 | . . . . . . 10 24 44 . . . . . . 35 77 Level 2 9 | . . . . . . . 51 . . . . . . . . . Level 3 . | . . . . . . . . . . . . . . . . . Level 4 . | . . . . . . . . . . . . . . . . . Level 5 . | . . . . . . . . . . . . . . . . . High Security . | . . . . . . . . . . . . . . . . . Max Security . | . . . . . . . . . . . . . . . . . Squads Dispatched 32 | . 3 1 . . . 5 13 3 . . . . . 1 4 2 Investigation 10 | . . 1 . . . 2 5 . . . . . . . 2 . Extermination 8 | . . . . . . 3 2 2 . . . . . . 1 . Reinforcement 11 | . 3 . . . . . 4 1 . . . . . 1 1 1 Assault 1 | . . . . . . . . . . . . . . . . 1 Garrison 2 | . . . . . . . 2 . . . . . . . . . Intercept . | . . . . . . . . . . . . . . . . . Searches Triggered . | . . . . . . . . . . . . . . . . . Construction Impeded 1 | . . . . . . . 1 . . . . . . . . . Haulers Reinforced 1 | . . . . . . . 1 . . . . . . . . . Active Scanning Responses . | . . . . . . . . . . . . . . . . . Cargo Convoy Interrupts . | . . . . . . . . . . . . . . . . . Stealth | -11 -10 -10 -10 -9 -9 -6 -5 -4 -4 -4 -4 -3 -3 -3 -2 -2 --------- Run | Yrd Mat Min Sub Rec Scr Fac Fac Fac Upp Upp Zhi Pro Res DSF Res Tes Distress Signals 14 | . 3 . . . . 2 3 1 . . . . . . 3 2 Communications Jammed . | . . . . . . . . . . . . . . . . . Distress Signals . | . . . . . . . . . . . . . . . . . Times Spotted 233 | . 35 17 34 1 . 22 27 13 . 5 . 15 . 6 49 9 Peak Tracking Total 21 | . 7 16 6 1 . 5 5 4 . 4 . 10 . 4 21 4 Tactical Retreats 26 | . 3 . 6 . . 1 2 1 . . . 6 . 1 5 1 Traps | -11 -10 -10 -10 -9 -9 -6 -5 -4 -4 -4 -4 -3 -3 -3 -2 -2 ------- Run | Yrd Mat Min Sub Rec Scr Fac Fac Fac Upp Upp Zhi Pro Res DSF Res Tes Traps Triggered 5 | . . . . . . . 2 . . . . . . 2 1 . Indirectly . | . . . . . . . . . . . . . . . . . Trap Hack Attempts . | . . . . . . . . . . . . . . . . . Triggered . | . . . . . . . . . . . . . . . . . Disarmed . | . . . . . . . . . . . . . . . . . Reprogrammed . | . . . . . . . . . . . . . . . . . Reused . | . . . . . . . . . . . . . . . . . Traps Extracted . | . . . . . . . . . . . . . . . . . Installed . | . . . . . . . . . . . . . . . . . Triggered 4 | . . . . . . . . . . . . 4 . . . . Most Traps Carried 1 | . . . . . . . . . . 1 . . . . . . Machines | -11 -10 -10 -10 -9 -9 -6 -5 -4 -4 -4 -4 -3 -3 -3 -2 -2 ---------- Run | Yrd Mat Min Sub Rec Scr Fac Fac Fac Upp Upp Zhi Pro Res DSF Res Tes Machines Disabled 17 | . . . 2 . . 9 2 3 . 1 . . . . . . Max in Single Turn 4 | . . . 2 . . 4 1 1 . 1 . . . . . . Garrison Access 3 | . . . . . . . 2 . . . . . . . 1 . Machines Repaired . | . . . . . . . . . . . . . . . . . Machines Dismantled . | . . . . . . . . . . . . . . . . . Machines Sabotaged . | . . . . . . . . . . . . . . . . . Overloaded Fab Kills . | . . . . . . . . . . . . . . . . . Hacking | -11 -10 -10 -10 -9 -9 -6 -5 -4 -4 -4 -4 -3 -3 -3 -2 -2 --------- Run | Yrd Mat Min Sub Rec Scr Fac Fac Fac Upp Upp Zhi Pro Res DSF Res Tes Machines Accessed 55 | . 5 1 2 5 1 5 13 7 . 1 6 . 1 . 8 . Terminals 34 | . 5 . . 5 . 3 8 6 . . . . 1 . 6 . Fabricators 1 | . . . . . . . . 1 . . . . . . . . Repair Stations . | . . . . . . . . . . . . . . . . . Recycling Units 4 | . . . . . . 1 2 . . . . . . . 1 . Scanalyzers 1 | . . . . . . . 1 . . . . . . . . . Garrison Access 4 | . . . . . . 1 2 . . . . . . . 1 . Total Hacks 133 | . 12 1 2 11 1 8 29 25 . 1 15 . 1 . 27 . Successful 72 | . 6 1 2 7 1 1 10 11 . 1 15 . 1 . 16 . Failed 61 | . 6 . . 4 . 7 19 14 . . . . . . 11 . Catastrophic 14 | . 1 . . 2 . 4 2 4 . . . . . . 1 . Database Lockouts . | . . . . . . . . . . . . . . . . . Manual 43 | . 9 . . 7 . 3 9 7 . . . . . . 8 . Terminals 91 | . 12 . . 11 . 3 19 24 . . . . 1 . 21 . Fabricators 1 | . . . . . . . . 1 . . . . . . . . Repair Stations . | . . . . . . . . . . . . . . . . . Recycling Units 9 | . . . . . . 1 5 . . . . . . . 3 . Scanalyzers 1 | . . . . . . . 1 . . . . . . . . . Garrison Access 11 | . . . . . . 4 4 . . . . . . . 3 . Terminal Hacks 58 | . 5 1 2 7 1 . 3 10 . 1 15 . 1 . 12 . Record 11 | . . . . . . . . 1 . 1 7 . . . 2 . Part Schematic 6 | . 1 . . 1 . . . . . . 4 . . . . . Robot Analysis 2 | . 2 . . . . . . . . . . . . . . . Prototype ID Bank 8 | . . . . 2 . . . 2 . . 4 . . . . . Open Door 2 | . . 1 1 . . . . . . . . . . . . . Open DSF 1 | . . . . . . . . . . . . . 1 . . . Branch Access Points 2 | . . . . . . . . 1 . . . . . . 1 . Machine Index 1 | . . . . . . . . . . . . . . . 1 . Repair Station Index 1 | . . . . . . . . . . . . . . . 1 . Garrison Index 1 | . . . . . . . . . . . . . . . 1 . Alert Level 4 | . . . . 1 . . 1 1 . . . . . . 1 . Unreport Threat 2 | . . . . . . . . 2 . . . . . . . . Locate Traps 7 | . 1 . . 1 . . 1 1 . . . . . . 3 . Recall Extermination 2 | . . . . . . . . 1 . . . . . . 1 . Recall Reinforcements 1 | . . . . . . . 1 . . . . . . . . . Hauler Manifests 2 | . 1 . . . . . . 1 . . . . . . . . Registered Prototypes 1 | . . . . . . . . . . . . . . . 1 . Zone Layout 2 | . . . . 2 . . . . . . . . . . . . Derelict Proto ID Bank 1 | . . . . . 1 . . . . . . . . . . . Release Object 1 | . . . 1 . . . . . . . . . . . . . Fabricator Hacks 1 | . . . . . . . . 1 . . . . . . . . Build 1 | . . . . . . . . 1 . . . . . . . . Repair Station Hacks . | . . . . . . . . . . . . . . . . . Recycling Unit Hacks 1 | . . . . . . . 1 . . . . . . . . . Retrieve Components 1 | . . . . . . . 1 . . . . . . . . . Scanalyzer . | . . . . . . . . . . . . . . . . . Garrison Access Hacks 1 | . . . . . . . . . . . . . . . 1 . Seal Access 1 | . . . . . . . . . . . . . . . 1 . Unauthorized Hacks 11 | . 1 . . . . 1 6 . . . . . . . 3 . Terminals 4 | . 1 . . . . . 1 . . . . . . . 2 . Assimilate 1 | . . . . . . . 1 . . . . . . . . . Botnet 1 | . 1 . . . . . . . . . . . . . . . Disrupt 1 | . . . . . . . . . . . . . . . 1 . Operators 1 | . . . . . . . . . . . . . . . 1 . Fabricators . | . . . . . . . . . . . . . . . . . Repair Stations 4 | . . . . . . 1 2 . . . . . . . 1 . Recycling Units 1 | . . . . . . . 1 . . . . . . . . . Reject 1 | . . . . . . . 1 . . . . . . . . . Fedlink 3 | . . . . . . 1 2 . . . . . . . . . Scrapoids 1 | . . . . . . . . . . . . . . . 1 . Scanalyzers . | . . . . . . . . . . . . . . . . . Garrison Access 2 | . . . . . . . 2 . . . . . . . . . Jam 2 | . . . . . . . 2 . . . . . . . . . Data Cores Recovered . | . . . . . . . . . . . . . . . . . Used . | . . . . . . . . . . . . . . . . . Hacking Detections 37 | . 4 . . 4 . 4 10 7 . . . . . . 8 . Full Trace Events 3 | . . . . . . 1 1 . . . . . . . 1 . Feedback Events 1 | . . . . . . . . . . . . . . . 1 . Corruption 1 | . . . . . . . . . . . . . . . 1 . Feedback Blocked . | . . . . . . . . . . . . . . . . . Robot Schematics Acquired . | . . . . . . . . . . . . . . . . . Robots Built . | . . . . . . . . . . . . . . . . . Authchips . | . . . . . . . . . . . . . . . . . Time . | . . . . . . . . . . . . . . . . . Total Robot Build Rating . | . . . . . . . . . . . . . . . . . Part Schematics Acquired 6 | . 1 . . 1 . . . . . . 4 . . . . . Parts Built 2 | . . . . . . . . 2 . . . . . . . . Authchips . | . . . . . . . . . . . . . . . . . Time 69 | . . . . . . . . 69 . . . . . . . . Total Part Build Rating 18 | . . . . . . . . 18 . . . . . . . . Parts Repaired . | . . . . . . . . . . . . . . . . . Time . | . . . . . . . . . . . . . . . . . Parts Recycled . | . . . . . . . . . . . . . . . . . Recycled Matter . | . . . . . . . . . . . . . . . . . Retrieved Matter . | . . . . . . . . . . . . . . . . . Retrieved Components 10 | . . . . . . . 10 . . . . . . . . . Parts Scanalyzed . | . . . . . . . . . . . . . . . . . Part Schematics Acquired . | . . . . . . . . . . . . . . . . . Parts Damaged . | . . . . . . . . . . . . . . . . . Bothacking | -11 -10 -10 -10 -9 -9 -6 -5 -4 -4 -4 -4 -3 -3 -3 -2 -2 ------------ Run | Yrd Mat Min Sub Rec Scr Fac Fac Fac Upp Upp Zhi Pro Res DSF Res Tes Used RIF Installer . | . . . . . . . . . . . . . . . . . Robots Hacked . | . . . . . . . . . . . . . . . . . Non-combat . | . . . . . . . . . . . . . . . . . Combat . | . . . . . . . . . . . . . . . . . Robot Hacks Applied . | . . . . . . . . . . . . . . . . . Relay Couplers Released . | . . . . . . . . . . . . . . . . . Fabnet Peak Effective % . | . . . . . . . . . . . . . . . . . Robots Rewired . | . . . . . . . . . . . . . . . . . Allies Hacked . | . . . . . . . . . . . . . . . . . Hacks Repelled . | . . . . . . . . . . . . . . . . . Allies | -11 -10 -10 -10 -9 -9 -6 -5 -4 -4 -4 -4 -3 -3 -3 -2 -2 -------- Run | Yrd Mat Min Sub Rec Scr Fac Fac Fac Upp Upp Zhi Pro Res DSF Res Tes Total Allies 3 | . . 3 . . . . . . . . . . . . . . Largest Group 3 | . . 3 . . . . . . . . . . . . . . Highest-Rated Group 40 | . . 40 . . . . . . . . . . . . . . Highest-Rated Ally 16 | . . 16 . . . . . . . . . . . . . . Total Orders . | . . . . . . . . . . . . . . . . . Ally Attacks 8 | . . 8 . . . . . . . . . . . . . . Total Damage 85 | . . 85 . . . . . . . . . . . . . . Kills 1 | . . 1 . . . . . . . . . . . . . . Allies Corrupted . | . . . . . . . . . . . . . . . . . Allies Melted 1 | . . 1 . . . . . . . . . . . . . . Intel | -11 -10 -10 -10 -9 -9 -6 -5 -4 -4 -4 -4 -3 -3 -3 -2 -2 ------- Run | Yrd Mat Min Sub Rec Scr Fac Fac Fac Upp Upp Zhi Pro Res DSF Res Tes Robot Analysis Total 2 | . 2 . . . . . . . . . . . . . . . Derelict Logs Recovered 8 | . . 2 2 . 1 . . . 2 1 . . . . . . Drone Launches . | . . . . . . . . . . . . . . . . . Drone Recoveries . | . . . . . . . . . . . . . . . . . Exploration | -11 -10 -10 -10 -9 -9 -6 -5 -4 -4 -4 -4 -3 -3 -3 -2 -2 ------------- Run | Yrd Mat Min Sub Rec Scr Fac Fac Fac Upp Upp Zhi Pro Res DSF Res Tes Turns Passed 17909 | 280 1946 1603 4053 857 3035 1954 1866 716 145 412 121 97 13 34 447 330 Spaces Moved 12416 | 139 1049 947 2261 506 1886 969 1480 902 273 379 184 320 35 45 825 216 Core 118 | 3 . . . . . . . . . . . . . 6 . 109 Treads 7254 | 136 1049 947 2261 506 1886 454 . . . . . . . . . 15 Legs 405 | . . . . . . 316 . . . . . . . . . 89 Wheels 1075 | . . . . . . 199 876 . . . . . . . . . Hover 2275 | . . . . . . . 604 902 273 379 117 . . . . . Flight 1289 | . . . . . . . . . . . 67 320 35 39 825 3 Fastest Speed 18 | 50 160 160 160 160 160 105 54 50 52 48 29 20 29 20 18 27 Average Speed 124 | 157 160 161 162 160 160 177 84 54 52 82 41 27 29 31 34 86 Slowest Speed 400 | 160 160 240 250 160 160 400 270 146 52 104 58 29 29 50 92 160 Overloaded Moves 252 | . . . . . . . . . . . . 56 . 2 191 3 Propulsion Burnouts 2 | . . . . . . . . . . . . . . . 1 1 Robots Hopped 6 | . . . . . . . . . . . . . . 1 5 . Cave-ins Triggered 2 | . . . . . . 1 1 . . . . . . . . . Exploration Rate (%) 53 | 7 98 99 87 92 92 23 40 27 48 55 63 68 2 54 42 18 Regions Visited 16 Branch Regions 9 Pre-discovered Areas 5 | . . 1 . . . . . . . 1 3 . . . . . Known Exits Taken 9 | . . . . . . 1 1 1 1 1 1 1 1 . 1 . Unknown Exits Taken 6 | 1 1 1 1 1 1 . . . . . . . . . . . Scrap Searched 13 | . . 1 3 . 5 . . . 1 2 . 1 . . . . Spaces Dug 99 | . 6 . 6 . . 14 54 17 . . . 2 . . . . Terrain Destroyed 311 | . 25 53 50 . . 97 58 21 . 5 . 2 . . . . Melee 99 | . 6 . 6 . . 14 54 17 . . . 2 . . . . Projectile 13 | . . . . . . . 4 4 . 5 . . . . . . AOE 199 | . 19 53 44 . . 83 . . . . . . . . . . Terrain Rammed . | . . . . . . . . . . . . . . . . . Walls Destroyed . | . . . . . . . . . . . . . . . . . Machines Disabled . | . . . . . . . . . . . . . . . . . Actions | -11 -10 -10 -10 -9 -9 -6 -5 -4 -4 -4 -4 -3 -3 -3 -2 -2 --------- Run | Yrd Mat Min Sub Rec Scr Fac Fac Fac Upp Upp Zhi Pro Res DSF Res Tes Total 13960 | 169 1205 1013 2459 538 1907 1096 1858 1047 276 453 231 322 37 60 981 308 Wait 638 | . 61 35 57 21 . 15 190 55 . 32 14 . 2 6 134 16 Move 12388 | 138 1048 946 2260 505 1885 968 1479 901 272 378 183 319 34 42 814 216 Hop 6 | . . . . . . . . . . . . . . 1 5 . Pick Up 89 | 5 9 10 7 1 10 15 12 9 1 6 1 . . 1 1 1 Fast Attach 79 | 8 1 1 . . . 9 19 5 . 4 13 . . 1 10 8 Attach 41 | . 1 1 4 2 . 11 4 8 . 1 . . 1 . 3 5 Detach 17 | 1 . . . . . 1 3 2 . . 2 . . . 4 4 Swap 118 | . 10 11 33 1 2 21 17 16 1 6 . . . . . . Drop 102 | . 11 3 5 . 7 9 22 13 2 6 18 . . . 4 2 Fire 293 | 17 57 6 53 7 . 26 49 16 . 15 . . . . . 47 Melee 159 | . 6 . 39 . . 21 63 22 . 4 . 3 . 1 . . Ram 2 | . . . . . . . . . . . . . . . . 2 Kick 1 | . . . . . . . . . . . . . . . . 1 Crush 8 | . 1 . . 1 . . . . . . . . . . . 6 Escape Stasis 14 | . . . . . . . . . . . . . . 8 6 . Rewire 3 | . . . . . 3 . . . . . . . . . . . Trap . | . . . . . . . . . . . . . . . . . Miscellaneous 2 | . . . 1 . . . . . . 1 . . . . . . Route ------- -11/Scrapyard -10/Materials (discovered 4 exits: [*Mat x3] / *Min) -10/Mines (discovered 3 exits: [*Mat x2] / *Sub) -10/Subcaves (discovered 3 exits: [*Mat x2] / *Rec) -9/Recycling (discovered 2 exits: [*Fac] / *Scr) -9/Scraptown (discovered 2 exits: *Fac x2) -6/Factory (discovered 3 exits: *Fac x2 / [*Ext]) -5/Factory -4/Factory (discovered 3 exits: *Res / *Upp x2) -4/Upper Caves -4/Upper Caves (discovered 2 exits: *Res / *Zhi) -4/Zhirov -3/Proximity Caves -3/Research (discovered 3 exits: Res / Qua / DSF) -3/DSF -2/Research (discovered 2 exits: *Tes x2) -2/Testing History --------- Turn | Location | Event 14 | -11/Scrapyard | Discovered new exit (range 15) 281 | -11/Scrapyard | Entered Materials 301 | -10/Materials | Build established: Mutant 329 | -10/Materials | Discovered new exit (range 16) 579 | -10/Materials | Discovered new exit (range 7) 942 | -10/Materials | Discovered new exit (range 8) 1284 | -10/Materials | Discovered new exit (range 3) 2227 | -10/Materials | Entered Mines 2234 | -10/Mines | Received a Rocket Launcher from a helpful Derelict 2309 | -10/Mines | Assisted by bots powering up and referring to "LRC-V3" 2376 | -10/Mines | Met a Derelict shopkeep closing up shop 2439 | -10/Mines | Learned Materials non-interactive machine intel 2445 | -10/Mines | Assembled infested the area 2450 | -10/Mines | Assisted by a Guerilla fighting off Assembled 2496 | -10/Mines | Destroyed 7 combat bots 2500 | -10/Mines | Lost 4 allies 2773 | -10/Mines | Learned location of Zion (-6) 2917 | -10/Mines | Discovered new exit (range 3) 2981 | -10/Mines | Discovered new exit (range 8) 3099 | -10/Mines | Discovered new exit (range 11) 3830 | -10/Mines | Entered Subcaves 3840 | -10/Subcaves | Learned location of 1 exit from Materials 4068 | -10/Subcaves | Discovered new exit (range 9) 4140 | -10/Subcaves | Shifting Twisted Machinery released Shrapnel Trap 4148 | -10/Subcaves | Shifting Twisted Machinery released Sub. Machine Gun 4927 | -10/Subcaves | Visited Clippyterm 5242 | -10/Subcaves | Learned 2 Materials zone layouts 5564 | -10/Subcaves | Ambushed by Subdwellers from Twisted Machinery 5901 | -10/Subcaves | Shifting Twisted Machinery released Mak. System Restoration Module 5902 | -10/Subcaves | Shifting Twisted Machinery released Sub. Optics 6273 | -10/Subcaves | Discovered new exit (range 9) 6938 | -10/Subcaves | A swath of the cavern ceiling suddenly collapsed 7007 | -10/Subcaves | Core integrity fell below 50% 7092 | -10/Subcaves | A swath of the cavern ceiling suddenly collapsed 7295 | -10/Subcaves | Discovered new exit (range 11) 7653 | -10/Subcaves | Released subatomizers from SUBCON Basin 7883 | -10/Subcaves | Entered Recycling 8396 | -9/Recycling | Discovered new exit (range 16) 8701 | -9/Recycling | Scanned before Scraplab entrance 8724 | -9/Recycling | Entered Scraplab 8736 | -9/Recycling | Discovered new exit (range 3) 8740 | -9/Recycling | Entered Scraptown 8775 | -9/Scraptown | Heard Great Nut preacher, LISTEN AND RECITE! 9033 | -9/Scraptown | Visited Symbiants 9058 | -9/Scraptown | Visited Junk Repository 9097 | -9/Scraptown | Visited Red Mages 9213 | -9/Scraptown | Visited CPS Storage 9468 | -9/Scraptown | Visited Comm Corps 9564 | -9/Scraptown | Visited UFD Registry 9564 | -9/Scraptown | Registered with UFD as "Cogshell" 9605 | -9/Scraptown | Visited Shadow of the Wyrm 9645 | -9/Scraptown | Visited Fellowship of the Rings 9722 | -9/Scraptown | Visited Curators Association 9762 | -9/Scraptown | Visited Science Guys 9818 | -9/Scraptown | Visited Observation Area 9932 | -9/Scraptown | Delivered Scrap Shield to a Scientist 10191 | -9/Scraptown | Visited Infowarlord's Domain 10202 | -9/Scraptown | Found Exp. Sensor Array 10249 | -9/Scraptown | Visited Scrapoid Research Area 10286 | -9/Scraptown | Visited Derelict Rescue Squad 10296 | -9/Scraptown | Found DRS Beacon 10331 | -9/Scraptown | Visited Research Penetration Think Tank 10369 | -9/Scraptown | Visited Junk Repository 10535 | -9/Scraptown | Discovered new exit (range 11) 11087 | -9/Scraptown | Scanned Subdweller tech in exchange for log data 11092 | -9/Scraptown | Learned location of 1 exit from Research 11137 | -9/Scraptown | Guru changed UFD alias to "Gearsink" 11745 | -9/Scraptown | Found Scrap Suit 11770 | -9/Scraptown | Discovered new exit (range 3) 11775 | -9/Scraptown | Entered Factory 11775 | -6/Factory | Evolved 8 slots: Propulsion x2, Utility x5, Weapon x1 12224 | -6/Factory | Discovered new exit (range 5) 12230 | -6/Factory | Identified exit to Factory 12270 | -6/Factory | Build established: Derelict-Tank 12431 | -6/Factory | Lost 3 parts (1p1n1u) 13059 | -6/Factory | Crushed by falling debris 13354 | -6/Factory | Discovered new exit (range 14) 13567 | -6/Factory | Build established: Tank 13569 | -6/Factory | Discovered exit to Factory (range 13) 13694 | -6/Factory | Spotted B-75 Beast 13729 | -6/Factory | Entered another Factory area 13729 | -5/Factory | Evolved 2 slots: Propulsion x1, Utility x1 14164 | -5/Factory | Build established: Mutant 14204 | -5/Factory | Garrison activated, responded to threat 14299 | -5/Factory | Crushed by falling debris 14330 | -5/Factory | Lost 6 parts (2n2u2w) 14371 | -5/Factory | Discovered new exit (range 5) 14378 | -5/Factory | Identified exit to Factory 15485 | -5/Factory | Spotted B-75 Beast 15595 | -5/Factory | Entered another Factory area 15595 | -4/Factory | Evolved 2 slots: Power x1, Propulsion x1 15601 | -4/Factory | Discovered new exit (range 12) 15607 | -4/Factory | Identified exit to Research 15851 | -4/Factory | Fabricated Adv. Cloaking Device? 15856 | -4/Factory | Build established: Hacker-Scout 15939 | -4/Factory | Lost 4 parts (1p1u2w) 16098 | -4/Factory | Identified exit to Upper Caves 16208 | -4/Factory | Spotted B-86 Titan 16311 | -4/Factory | Entered Upper Caves 16313 | -4/Upper Caves | UFD Scientist delivered a prototype 16315 | -4/Upper Caves | Found Prototype Protection 16401 | -4/Upper Caves | Spotted B-86 Titan 16413 | -4/Upper Caves | Identified exit to Upper Caves 16456 | -4/Upper Caves | Entered another Upper Caves area 16523 | -4/Upper Caves | Discovered exit to Research (range 20) 16673 | -4/Upper Caves | Found Alien Artifact 16673 | -4/Upper Caves | Identified Dimensional Node Initializer 16673 | -4/Upper Caves | Initialized slip node 16782 | -4/Upper Caves | Attracted the attention of an 0b10 checkpoint 16785 | -4/Upper Caves | Discovered new exit (range 8) 16791 | -4/Upper Caves | Identified exit to Zhirov 16792 | -4/Upper Caves | Activated DRS Beacon 16868 | -4/Upper Caves | Entered Zhirov 16868 | -4/Zhirov | Discovered new exit (range 3) 16877 | -4/Zhirov | Met Zhirov 16886 | -4/Zhirov | Learned location of Quarantine (-3) 16886 | -4/Zhirov | Learned location of Testing (-2) 16886 | -4/Zhirov | Learned location of Command (-1) 16896 | -4/Zhirov | Zhirov requested help retrieving the SGEMP Prototype 16904 | -4/Zhirov | Found Alien Artifact 16904 | -4/Zhirov | Identified Integrated Dissipator 16904 | -4/Zhirov | Installed Integrated Dissipator, increased core heat dissipation (+20) 16988 | -4/Zhirov | Identified exit to Proximity Caves 16989 | -4/Zhirov | Entered Proximity Caves 17023 | -3/Proximity Caves | Spotted B-86 Titan 17085 | -3/Proximity Caves | Discovered exit to Research (range 5) 17086 | -3/Proximity Caves | Entered Research 17086 | -3/Research | Evolved 2 slots: Utility x2 17087 | -3/Research | Identified exit to Quarantine 17088 | -3/Research | Identified exit to Research 17098 | -3/Research | Identified exit to DSF 17099 | -3/Research | Entered DSF 17102 | -3/DSF | Discovered exit to Research (range 22) 17123 | -3/DSF | Additional patrols routed to DSF 17133 | -3/DSF | Entered Research 17133 | -2/Research | Evolved 2 slots: Utility x2 17325 | -2/Research | Identified Enh. Scrap Shield 17474 | -2/Research | Spotted B-90 Cyclops 17507 | -2/Research | Identified exit to Testing 17551 | -2/Research | System corruption reached 10% 17560 | -2/Research | Spotted B-90 Cyclops 17580 | -2/Research | Entered Testing 17612 | -2/Testing | Lost 7 parts (1p2n4u) 17643 | -2/Testing | Core integrity fell below 50% 17667 | -2/Testing | Found Prototype Launcher 17667 | -2/Testing | Identified Ragnarok Missile Launcher 17787 | -2/Testing | Lost 3 parts (1p1n1u) 17878 | -2/Testing | Scanned by Researcher 17889 | -2/Testing | Protovariant out of control (PL-C9EML2KI9I) 17900 | -2/Testing | Core integrity fell below 20% 17910 | -2/Testing | Destroyed by X-87 Electro with Compact HERF Cannon Last Messages --------------- 17886_ C-65 Expert is analyzing... 17887_ C-65 Expert knocked back. 17889_ ALERT: Protovariant PL-C9EML2KI9I out of control, dispatching containment squad. 17889_ C-65 Expert knocked back. 17890_ Held in stasis. 17890_ C-65 Expert is analyzing... 17893_ C-65 Expert destroyed. 17895_ X-87 Electro knocked back. 17900_ Lgt. Ion Engine destroyed. 17902_ System corrupted: Matter fused (-9). 17905_ R-10 Processor collects Imp. Antigrav System. 17905_ Antiparticle Reservoir explodes. 17905_ Myomer Leg destroyed. 17906_ The unstable cave ceiling collapses. 17906_ Lgt. Ion Engine destroyed. 17908_ The unstable cave ceiling collapses. 17908_ K-01 Serf collects debris. 17908_ U-05 Engineer lays Concrete. 17909_ The unstable cave ceiling collapses. Map ----- +----------------------------------------------------+ | ??????" " + ?????????????? | | ??????" # ?????????????? | | ??????" #[[ ]!! ?????????????? | | ??????#" ?#[[ ]! ?????????????? | | ??????####?#[ !! ! ###+######???????????????? | | ???????????# # ??????????????????????? | | ???????????# """"""" # ??????????????????????? | | ???????????# """"""" # ????#?????????????????? | | ???????????#! """"""" # "??? #?????????????????? | | ???????????# + "?? #?????????????????? | | ???????????# h # """ #?????????????????? | | ?????????####/######## # #?????????????????? | | ????????? ??????# # " #?????????????????? | | ????????? ?????# + """ #?????????????????? | | ????????? ????# # """ #?????????????????? | | ??????????" ????# # """ #?????????????????? | | ?????????"" ???# # #?????????????????? | | ????????""" c ??# # #?????????????????? | | ??????? """ ## #####????????????????? | | ??????? """ " " # #????????????????? | | ??????#?""" " " # ! #????????????????? | | ????????""" ""G"" #????????????????? | | ????????? x # #????????????????? | | ?????????########## x #????????????????? | | ?????????# % R #????????????????? | | ?????????# """ "" @ #????????????????? | | ?????????# """ R" ##????????????????? | | ?????????# """ """ k #?????????????????? | | ?????????# # # #?????????????????? | | ?????????# # # ### u##?????????????????? | | ?????????# # # ??# #??????????????????? | | ?????????# %%# ##??# #??????????????????? | | ?????????## "#### #???# ##### ##?????????? | | ??????????#"""""#??# ##### ^ ##????????? | | ??????????#######??# /= | | ???????????????????# ^ == | | ???????????????????# = "# ! | | ???????????????????################ ""#???? | | ????????????????????????????????????[ ""#???? | | ????????????????????????????????????? ""#???? | | ?????????????????????????????????????? ""#???? | | ???????????????????????????????????????? T"#???? | | ????????????????????????????????????????? ""#???? | | ??????????????????????????????????????????""#???? | | ???????????????????????????????????????????"????? | | ????????????????????????????????????????????????? | | ????????????????????????????????????????????????? | | ????????????????????????????????????????????????? | | ????????????????????????????????????????????????? | | ????????????????????????????????????????????????? | +----------------------------------------------------+ Best States ------------- Heat Dissipation 159 Energy Generation 38 Energy Capacity 550 Matter Stores 300 Matter Capacity 600 Sight Range 23 Robot Scan Range 20 Terrain Scan Density 10 Cloak Strength 4 Armor Coverage 1600 Resistance: KI 20 Resistance: TH 25 Propulsion Shielding 66 Utility Shielding 90 Evasion (%) 72 Recoil Reduction 3 Offensive Hacking 42 Defensive Hacking 24 Authchip Count 1 Item Schematics ----------------- Lrg. Storage Unit | -10/Materials | Hacked Dynamic Insulation System | -9/Recycling | Hacked Assault Drone Bay | -4/Zhirov | Free Exp. Heat Sink | -4/Zhirov | Free Exp. Optical Array | -4/Zhirov | Free Imp. Arc Thrower | -4/Zhirov | Free Robot Schematics ------------------ None Fabricated ------------ Adv. Cloaking Device | x2 | -4/Factory | Preloaded Alien Tech Used ----------------- Dimensional Node Initializer Integrated Dissipator Achievements -------------- None Challenges ------------ None Game ------ Seed PoweredAbsorptionLegs Manual? 0 Play Time 02:30:27 Cumulative 209.8 hours Start 2024.08.07 @ 19:25:05 End 2024.08.08 @ 00:12:34 Sessions 3 Manual Loads 0 Difficulty Rogue Special Mode None Game No. 159 Rogue 159 Adventurer 0 Explorer 0 Win Type - Total 3 Types 3/0/0/0/0/0/0/0/0 Lore% 55 Gallery% 71 Achievement% 62 Wizard Run 0 Options --------- Layout 0 ASCII 0 Keyboard 1 Movement Numpad Keybinds 0 Fullscreen 1 Font 18/SmallcapsGlow Map View 76x50 Zoom Use 0% Tactical HUD 1 Map Filters NONE Filters NONE Steam 1 RUN: b7cdcfac-c203-4c42-b3b1-7399b2e7b93f